 Dungeon Crawl Stone Soup version 0.21.0-25-ge575cb9 (webtiles) character file.

19892 pk666 the Severer (level 12, -5/122 HPs)
             Began as a Minotaur Berserker on Jan 27, 2018.
             Was a High Priest of Trog.
             Slain by a meliai
             ... wielding a +0 war axe
              (7 damage)
             ... on level 4 of the Lair of Beasts.
             The game lasted 00:50:09 (13184 turns).

pk666 the Severer (Minotaur Berserker)             Turns: 13184, Time: 00:50:11

Health: -5/122     AC:  8    Str: 31    XL:     12   Next: 40%
Magic:  11/11      EV: 14    Int:  4    God:    Trog [*****.]
Gold:   654        SH:  0    Dex: 10    Spells: 11/11 levels left

rFire    . . .     SeeInvis .   K - +3 battleaxe (chop)
rCold    . . .     Gourm    .   (shield currently unavailable)
rNeg     . . .     Faith    .   L - +2 scale mail {MR+}
rPois    .         Spirit   .   (helmet restricted)
rElec    .         Reflect  .   (no cloak)
rCorr    .         Harm     .   (no gloves)
MR       +....                  (no boots)
Stlth    ..........             (no amulet)
HPRegen  0.30/turn              d - +4 ring of strength
MPRegen  0.12/turn              D - +2 ring of slaying

@: no status effects
A: retaliatory headbutt, horns 2
a: Berserk, Trog's Hand, Brothers in Arms, Burn Spellbooks, Renounce Religion


You were on level 4 of the Lair of Beasts.
You worshipped Trog.
Trog was extremely pleased with you.
You were hungry.

You visited 2 branches of the dungeon, and saw 12 of its levels.

You collected 654 gold pieces.

Inventory:

Hand Weapons
 K - a +3 battleaxe of chopping (weapon)
Armour
 E - a +0 chain mail
 L - a +2 scale mail of magic resistance (worn)
Jewellery
 d - a +4 ring of strength (left hand)
 p - an uncursed ring of positive energy
 w - an uncursed ring of protection from fire
 D - a +2 ring of slaying (right hand)
Wands
 r - a wand of disintegration (8)
 v - a wand of iceblast (10)
 y - a wand of acid (6)
 A - a wand of polymorph (59)
 B - a wand of flame (72)
 G - a wand of scattershot (6)
Scrolls
 e - 2 scrolls of immolation {unknown}
 i - 2 scrolls of fog {unknown}
 j - 10 scrolls of teleportation
 l - 3 scrolls of magic mapping {unknown}
 m - 10 scrolls of identify
 s - 2 scrolls of blinking {unknown}
 u - 2 scrolls of remove curse
 x - 2 scrolls of enchant armour {unknown}
 z - a scroll of enchant weapon {unknown}
 F - 2 scrolls of noise {unknown}
 H - a scroll of amnesia {unknown}
Potions
 a - a potion of degeneration {unknown}
 b - 2 potions of ambrosia
 f - 3 potions of invisibility
 g - 3 potions of curing
 h - 2 potions of flight {unknown}
 k - 2 potions of might {unknown}
 n - 3 potions of lignification {unknown}
 q - a potion of magic {unknown}
 t - 2 potions of resistance {unknown}
 C - a potion of agility {unknown}
 I - 2 potions of haste {unknown}
 J - a potion of berserk rage {unknown}
Comestibles
 c - 18 rations


   Skills:
 + Level 15.9 Fighting
 + Level 15.9 Axes
 - Level 2.4 Armour
 * Level 8.1 Dodging


You had 11 spell levels left.
You didn't know any spells.

Dungeon Overview and Level Annotations

Branches:
Dungeon (8/15)             Temple (0/1) D:5            Lair (4/6) D:8
  Swamp (0/4) Lair:2        Snake (0/4) Lair:2

Altars:
Ashenzari
Dithmenos
Fedhas
Makhleb
Qazlal
Ru
Trog
Vehumet
Zin

Shops:
D:6 [   D:8 [


Innate Abilities, Weirdness & Mutations

You reflexively headbutt those who attack you in melee.
You have a pair of horns on your head.


Message History

You slash the queen bee! Your headbutt misses the queen bee.
The queen bee is heavily wounded.
You slash the meliai! The meliai hits you with a war axe!
* * * LOW HITPOINT WARNING * * *
The meliai completely misses you.
The meliai calls upon its god to heal the meliai.
The meliai is healed somewhat.
The meliai closely misses you. You furiously retaliate!
You headbutt the meliai. The meliai closely misses you.
The queen bee closely misses you. You furiously retaliate!
You headbutt the queen bee, but do no damage.
You hear an angry buzzing noise.
A killer bee comes into view.
You slash the queen bee!
You kill the queen bee!
Trog accepts your kill.
You miss the meliai. The meliai hits you with a war axe!
* * * LOW HITPOINT WARNING * * *
The meliai stings you!
You die...

# #y #.#### #.y..# ....#
#y†### #@†.# #####
###..#######
##.#.####..........#
#................[##
#######..#..##.P........#
.........#####.#........#
.##.###### ##..........#
.#### #..........P ##
##..........


You could see 2 meliai and a killer bee.

Vanquished Creatures
  Gastronok (Lair:3)
  A two-headed ogre (D:8)
  Urug (Lair:4)
  Nergalle (Lair:1)
  Sonja (Lair:2)
  2 oklob plants (Lair:1)
  3 elephants (Lair:3)
  3 black mambas
  3 spiny frogs
  2 komodo dragons
  A queen bee (Lair:4)
  A tyrant leech (Lair:2)
  4 hippogriffs
  7 dream sheep (Lair:3)
  A wyvern (Lair:2)
  12 yaks
  2 basilisks
  3 hungry ghosts
  A swamp worm (Lair:2)
  2 soldier ants (D:8)
  5 nagas (Lair:2)
  3 porcupines
  6 water moccasins
  2 ice beasts
  A sky beast (D:6)
  4 phantoms
  A necrophage (D:8)
  3 ogres
  8 wolves
  2 centaurs (D:6)
  5 crocodiles
  11 bullfrogs
  A big kobold (D:8)
  A gnoll sergeant (D:6)
  A water moccasin skeleton (D:7)
  6 killer bees (Lair:4)
  9 wights (D:6)
  3 howler monkeys (D:8)
  A centaur zombie (D:6)
  2 crimson imps
  A bullfrog zombie (D:5)
  2 orc priests
  2 gnoll shamans
  3 hounds
  A jelly (D:5)
  A bullfrog skeleton (D:6)
  4 iguanas
  4 centaur skeletons
  Terence (D:3)
  4 orc wizards
  6 worker ants
  A statue (D:7)
  A killer bee zombie (D:6)
  A hound skeleton (D:6)
  12 gnolls
  17 adders
  3 river rats (D:4)
  2 shadow imps
  3 oozes
  3 adder skeletons
  4 worms
  13 dart slugs
  4 leopard geckos
  27 orcs
  4 bats
  9 giant cockroaches
  6 goblins
  8 hobgoblins
  5 jackals
  2 quokkas
  10 frilled lizards
  A giant cockroach zombie (D:5)
  A jackal skeleton (D:7)
  11 kobolds
  7 rats
  A butterfly (D:5)
  3 fungi (Lair:4)
  3 plants
318 creatures vanquished.

Vanquished Creatures (others)
  3 fungi
  A plant (Lair:2)
4 creatures vanquished.

Grand Total: 322 creatures vanquished

Notes
Turn   | Place    | Note
-------+----------+-------------------------------------------
     0 | D:1      | pk666 the Minotaur Berserker began the quest for the Orb.
     0 | D:1      | Reached XP level 1. HP: 19/19 MP: 0/0
   169 | D:1      | Reached XP level 2. HP: 21/27 MP: 1/1
   401 | D:1      | Reached XP level 3. HP: 34/34 MP: 2/2
   787 | D:2      | Reached XP level 4. HP: 30/41 MP: 3/3
   800 | D:2      | Found a faded altar of an unknown god.
   817 | D:2      | Reached ** piety under Trog
   817 | D:2      | Reached skill level 5 in Fighting
   836 | D:2      | Reached skill level 5 in Axes
  1352 | D:3      | Noticed Terence
  1355 | D:3      | Reached XP level 5. HP: 48/48 MP: 4/4
  1366 | D:3      | Killed Terence
  1887 | D:3      | Reached XP level 6. HP: 53/57 MP: 5/5
  1917 | D:3      | Found a shadowy altar of Dithmenos.
  2089 | D:4      | Reached *** piety under Trog
  2412 | D:4      | Found a sacrificial altar of Ru.
  2610 | D:4      | Reached XP level 7. HP: 55/66 MP: 6/6
  3013 | D:5      | Entered Level 5 of the Dungeon
  3244 | D:5      | Received a gift from Trog
  3263 | D:5      | Reached **** piety under Trog
  3606 | D:5      | Found a burning altar of Makhleb.
  3615 | D:5      | Found a staircase to the Ecumenical Temple.
  3909 | D:6      | Reached XP level 8. HP: 70/75 MP: 7/7
  4701 | D:6      | Found Piypo's Antique Armour Shop.
  4759 | D:6      | Reached skill level 10 in Fighting
  4759 | D:6      | Reached skill level 10 in Axes
  4858 | D:6      | Reached XP level 9. HP: 27/86 MP: 8/8
  5915 | D:7      | Found a shattered altar of Ashenzari.
  6143 | D:7      | Found a radiant altar of Vehumet.
  6499 | D:8      | Noticed a two-headed ogre
  6504 | D:8      | Killed a two-headed ogre
  6504 | D:8      | Reached ***** piety under Trog
  6504 | D:8      | Reached XP level 10. HP: 99/99 MP: 9/9
  6533 | D:8      | Found Plog's Armour Boutique.
  6625 | D:8      | Found a glowing silver altar of Zin.
  6625 | D:8      | Found a stormy altar of Qazlal.
  6625 | D:8      | Found a bloodstained altar of Trog.
  6717 | D:8      | Found a blossoming altar of Fedhas.
  6779 | D:8      | Found a staircase to the Lair.
  7204 | Lair:1   | Entered Level 1 of the Lair of Beasts
  7286 | Lair:1   | Noticed Nergalle
  7292 | Lair:1   | Noticed a spectral orc warlord
  7303 | Lair:1   | Killed Nergalle
  7793 | Lair:1   | Noticed an oklob plant
  8248 | Lair:1   | Noticed an oklob plant
  8520 | Lair:1   | Killed an oklob plant
  8520 | Lair:1   | Reached XP level 11. HP: 41/110 MP: 10/10
  8862 | Lair:1   | Killed an oklob plant
  9285 | Lair:2   | Found a staircase to the Swamp.
  9563 | Lair:2   | HP: 1/111 [yak (9)]
 10191 | Lair:2   | Reached skill level 15 in Fighting
 10191 | Lair:2   | Reached skill level 15 in Axes
 10369 | Lair:2   | Found a staircase to the Snake Pit.
 10382 | Lair:2   | Noticed Sonja
 10496 | Lair:2   | HP: 1/112 [Sonja/uncursed short sword of distortion (15)]
 10906 | Lair:2   | Killed Sonja
 11343 | Lair:3   | Received a gift from Trog
 11550 | Lair:3   | Noticed Gastronok
 11560 | Lair:3   | Killed Gastronok
 11560 | Lair:3   | Reached skill level 5 in Dodging
 11580 | Lair:3   | Reached XP level 12. HP: 45/121 MP: 11/11
 12774 | Lair:4   | Noticed Urug
 12784 | Lair:4   | Killed Urug
 12790 | Lair:4   | Noticed a seven-headed hydra
 13184 | Lair:4   | HP: 2/122 [meliai/war axe (9)]
 13184 | Lair:4   | Slain by a meliai

Skill      XL: |  1  2  3  4  5  6  7  8  9 10 11 12 |
---------------+-------------------------------------+-----
Fighting       | 4 5 6 7 8 10 12 14 15 | 15.9
Axes           | 4 5 6 7 8 10 12 14 15 | 15.9
Dodging        | 6 8 |  8.1
Armour         | |  2.4

Action                   |  1- 3 |  4- 6 |  7- 9 | 10-12 || total
-------------------------+-------+-------+-------+-------++-------
Melee: Hand axe          |    60 |   190 |   177 |       ||   427
       Headbutt          |    12 |    44 |    61 |    82 ||   199
       War axe           |       |       |   164 |   234 ||   398
       Battleaxe         |       |       |       |    84 ||    84
  Use: Potion            |       |       |     2 |     5 ||     7
       Scroll            |       |       |     3 |     1 ||     4
  Eat: Chunk             |       |     5 |    17 |    15 ||    37
       Ration            |       |       |       |     2 ||     2
Armor: Animal skin       |     7 |       |       |       ||     7
       Scale mail        |    12 |    65 |    34 |    10 ||   121
       Chain mail        |       |       |    92 |    87 ||   179
Dodge: Dodged            |    36 |    95 |   116 |   146 ||   393
